 Dungeon Crawl Stone Soup version 0.21-a0-440-g28109cb (webtiles) character file.

50 namelastname112 the Sneak (level 3, -19/24 HPs)
             Began as a Felid Wanderer on Nov 11, 2017.
             Killed from afar by Ijyb (26 damage)
             ... with a wand of lightning (?/15)
             ... on level 3 of the Dungeon.
             The game lasted 00:05:30 (3386 turns).

namelastname112 the Sneak (Felid Wanderer)          Turns: 3386, Time: 00:05:30

Health: -19/24     AC:  1    Str: 12    XL:     3   Next: 55%
Magic:  4/4        EV: 18    Int: 15    God:
Gold:   30         SH:  0    Dex: 17    Spells: 2/2 levels left
                                        Lives:  0   Deaths: 1

rFire    . . .     SeeInvis +     - Unarmed
rCold    + . .     Gourm    .   (shield unavailable)
rNeg     . . .     Faith    .   (armour unavailable)
rPois    .         Spirit   .   (helmet unavailable)
rElec    .         Reflect  .   (cloak unavailable)
rCorr    .         Harm     .   (gloves unavailable)
MR       +....                  (boots unavailable)
Stlth    ..........             (no amulet)
HPRegen  0.08/turn              (no ring)
MPRegen  0.09/turn              (no ring)

@: berserking, very quick
A: no armour, no weapons or thrown items, stealth, claws 1, fangs 3, see
invisible, agile 1, carnivore 3, cold resistance 1, speed 1, magic resistance 1,
shaggy fur 1, slow metabolism 1, sharp paws
a: no special abilities


You were on level 3 of the Dungeon.
You were not hungry.

You visited 1 branch of the dungeon, and saw 3 of its levels.

You collected 30 gold pieces.

Inventory:

Scrolls
 b - a scroll of blinking
 f - a scroll of amnesia {unknown}
 i - a scroll of remove curse {unknown}
Potions
 c - a potion of lignification
 h - a potion of degeneration
Comestibles
 d - 2 meat rations
 g - 2 royal jellies


   Skills:
 + Level 2.8 Fighting
 + Level 3.2 Dodging
 + Level 5.1 Stealth
 + Level 4.5 Unarmed Combat


You had 2 spell levels left.
You didn't know any spells.

Dungeon Overview and Level Annotations

Branches:
Dungeon (3/15)

Altars:

Annotations:
D:3 Ijyb


Innate Abilities, Weirdness & Mutations

You cannot wear armour.
You are incapable of wielding weapons or throwing items.
Your paws allow you to move quietly. (Stealth)
You have sharp claws.
You have razor-sharp teeth.
You have supernaturally acute eyesight. (SInv)
You are carnivorous and can eat meat at any time.
You cover ground quickly.
You are covered in fur. (AC +1)
You have a slow metabolism.
Your sharp claws are effective at attacking unaware monsters.
You are agile. (Dex +2)
Your flesh is cold resistant. (rC+)
You are resistant to hostile enchantments. (MR+)


Message History

You closely miss Ijyb.
Ijyb is moderately wounded.
You barely miss Ijyb.
Ijyb is moderately wounded.
Ijyb hits you with a club.
You take 3 damage, and have 9/24 hp.
You scratch Ijyb.
Ijyb is severely wounded.
You claw Ijyb!
Ijyb is almost dead.
Ijyb hits you with a club.
* * * LOW HITPOINT WARNING * * *
You take 2 damage, and have 7/24 hp.
You scratch Ijyb but do no damage. Your bite misses Ijyb.
Ijyb is almost dead.
You barely miss Ijyb. Your bite misses Ijyb.
Ijyb is almost dead.
Ijyb zaps a wand.
The bolt of lightning hits you!
Ouch! That really hurt!
You die...

##...... .. ......
... #..... ....
##....####.#?#
..#..#..#.......
.......#.......
#...#.......
#.g.(.(...#
#@#.......#
#†##g..>... #
#.##......##.#
.o......#..#.#
.)...K........##
.#..............##
s.................#
..
#.......S<......#
..
#............)..#


You could see Ijyb and an orc.

Vanquished Creatures
  4 adders (D:2)
  An ooze (D:2)
  2 worms (D:2)
  2 leopard geckos
  4 giant cockroaches
  7 goblins
  9 hobgoblins
  4 jackals
  5 kobolds
  7 bats
  A frilled lizard (D:2)
  2 rats
48 creatures vanquished.

Vanquished Creatures (others)
  A hobgoblin (D:3)
1 creature vanquished.

Grand Total: 49 creatures vanquished

Notes
Turn   | Place    | Note
-------+----------+-------------------------------------------
     0 | D:1      | namelastname112 the Felid Wanderer began the quest for the Orb.
     0 | D:1      | namelastname112 set off with: a potion of berserk rage, a scroll of blinking, 2 potions of lignification, a meat ration
     0 | D:1      | Reached XP level 1. HP: 9/9 MP: 2/2
     0 | D:1      | Wingboner: Я сам только что чуть не дотабался.
     0 | D:1      | namelastname112: https://www.youtube.com/watch?v=5kC0eYjXKUg
     1 | D:1      | Wingboner: Хорошо, что всегда есть возможность юзнуть две дюжины hw.
    30 | D:1      | Wingboner: И то едва спасло.
   371 | D:1      | Wingboner: Угадаешь, в кого настолько злого я забежал на дурнину?
   377 | D:1      | namelastname112: мара
   384 | D:1      | Wingboner: Хуже. Тиамать.
   630 | D:2      | namelastname112: лол
   630 | D:2      | namelastname112: давно ее не видел
   633 | D:1      | Wingboner: Вот и я.
   652 | D:1      | Wingboner: Но хоть плащик выбил.
  1020 | D:1      | Reached XP level 2. HP: 9/13 MP: 3/3
  1775 | D:2      | Reached XP level 3. HP: 16/16 MP: 4/4
  2463 | D:2      | Reached XP level 4. HP: 16/20 MP: 5/5
  2669 | D:2      | Reached skill level 5 in Stealth
  2823 | D:3      | Noticed Ijyb
  2864 | D:3      | Noticed a centaur
  2865 | D:3      | Wingboner: >так не хочется драться с этим падлордом
  2865 | D:3      | namelastname112: блять
  2865 | D:3      | Wingboner: >ну ладно, теле долго кастовать
  2865 | D:3      | namelastname112: охуенные сука лесенки
  3134 | D:2      | Wingboner: И тут он бьёт меня дистортом, и я улетаю к лестнице.
  3134 | D:2      | Wingboner: Ну ок.
  3353 | D:3      | Gained mutation: You are resistant to hostile enchantments. (MR+) [potion of mutation]
  3353 | D:3      | Gained mutation: You are agile. (Dex +2) [potion of mutation]
  3353 | D:3      | Gained mutation: Your flesh is cold resistant. (rC+) [potion of mutation]
  3353 | D:3      | Killed from afar by an orc priest
  3354 | D:3      | Reached XP level 3. HP: -7/24 MP: 4/4
  3386 | D:3      | Killed from afar by Ijyb

Vault maps used:
D:1:      ncdulo_smallfort, minmay_tetromino_o2
D:3:      uniq_ijyb

Skill      XL: |  1  2  3  4 |
---------------+-------------+-----
Dodging        | 2 3 |  3.2
Stealth        | 5 |  5.1
Fighting       | |  2.8
Unarmed Combat | |  4.5

Action                   |  1- 3 |  4- 6 || total
-------------------------+-------+-------++-------
Melee: Unarmed           |   129 |    19 ||   148
       Bite              |     5 |       ||     5
       Punch             |       |     1 ||     1
  Use: Potion            |     3 |     3 ||     6
       Scroll            |       |     1 ||     1
 Stab: Sleeping          |    13 |     4 ||    17
  Eat: Chunk             |    10 |     2 ||    12
Armor: Skin              |     8 |    29 ||    37
Dodge: Dodged            |    85 |    42 ||   127

Table legend:
 A = Spawn XP
 B = Non-spawn XP
 C = Spawn XP percentage of total XP
 D = Spawn monster count
 E = Non-spawn monster count
 F = Spawn count percentage of total count
 G = Total turns spent on level
                    A         B        C        D         E        F      G
               +---------+---------+-------+---------+---------+-------+---------
         Total |       0 |     146 |   0.0 |       0 |      48 |   0.0 |  3386
               +---------+---------+-------+---------+---------+-------+---------
           D:1 |       0 |      30 |   0.0 |       0 |      16 |   0.0 |  1046
           D:2 |       0 |     106 |   0.0 |       0 |      26 |   0.0 |  2284
           D:3 |       0 |      10 |   0.0 |       0 |       6 |   0.0 |    56
               +---------+---------+-------+---------+---------+-------+---------
